 Dungeon Crawl Stone Soup version 0.27.1 (webtiles) character file.

Game seed: 5314455349878236226

25 Descartes the Skirmisher (level 2, -6/19 HPs)
             Began as a Deep Elf Wanderer on Sept 4, 2021.
             Mangled by Sigmund (10 damage)
             ... on level 2 of the Dungeon.
             The game lasted 00:02:28 (999 turns).

Descartes the Skirmisher (Deep Elf Wanderer)         Turns: 999, Time: 00:02:29

Health: -6/19      AC:  8    Str:  8    XL:     2   Next: 86%
Magic:  4/4        EV:  8    Int: 13    God:
Gold:   44         SH:  0    Dex: 18    Spells: 0/1 levels left

rFire    . . .     SeeInvis .   a - +0 shortbow
rCold    . . .     Faith    .   (shield currently unavailable)
rNeg     . . .     Spirit   .   b - +2 scale mail
rPois    .         Reflect  .   (no helmet)
rElec    .         Harm     .   (no cloak)
rCorr    .         Rampage  .   (no gloves)
Will     .....                  (no boots)
Stlth    ..........             (no amulet)
HPRegen  0.06/turn              (no ring)
MPRegen  0.09/turn              (no ring)

@: confused
A: no striking features
a: no special abilities


You were on level 2 of the Dungeon.
You visited 1 branch of the dungeon, and saw 2 of its levels.

You collected 44 gold pieces.

Inventory:

Hand Weapons
 a - a +0 shortbow (weapon)
Missiles
 c - 35 arrows (quivered ammo)
 g - 21 bolts
 i - 50 sling bullets
 j - 48 stones
Armour
 b - a +2 scale mail (worn)
Scrolls
 d - a scroll of teleportation
 e - a scroll of immolation {unknown}
 f - a scroll of identify {unknown}
 k - a scroll of acquirement {unknown}
 l - a scroll of noise {unknown}
Potions
 h - a potion of lignification {unknown}


   Skills:
 - Level 3.2 Fighting
 - Level 3.0 Bows
 - Level 1.0 Throwing
 - Level 1.0 Armour
 + Level 2.9 Dodging
 - Level 1.2 Stealth
 + Level 0.3 Poison Magic
 - Level 1.1 Evocations


You couldn't memorise any spells.
You knew the following spells:

 Your Spells              Type           Power      Damage    Failure   Level
a - Sting                 Tmut/Pois      0%         1d3       96%         1

Your spell library contained the following spells:

 Spells                   Type           Power      Damage    Failure   Level
 Poisonous Vapours        Pois/Air       0%         N/A       99%         2
 Olgreb's Toxic Radiance  Pois           0%         N/A       100%        4


Dungeon Overview and Level Annotations

Branches:
Dungeon (2/15)

Altars:

Annotations:
D:2 1 runed translucent door, Crazy Yiuf, Sigmund


Message History

Sigmund gestures at you while chanting. You resist with significant effort.
Sigmund gestures at you while chanting. The magic dart hits you.
* * * LOW HITPOINT WARNING * * *
Casting: Sting (safe; 96% risk of failure)
Confirm with . or Enter, or press ? or * to list all spells.
You can't see any susceptible monsters within range! (Use Z to cast anyway.) Unknown command.
You are too injured to fight recklessly!
Unknown command.
Fire: 37 arrows
Press: ? - help, Q - select action, (/) - cycle Shift-Dir - straight line, f/p - Sigmund
Aim: Sigmund, wielding a +0 scythe and wearing a +0 robe (heavily wounded, 60% to hit)
You shoot an arrow. The arrow closely misses Sigmund.
Fire: 36 arrows
Press: ? - help, Q - select action, (/) - cycle Shift-Dir - straight line, f/p - Sigmund
Aim: Sigmund, wielding a +0 scythe and wearing a +0 robe (heavily wounded, 58% to hit)
You shoot an arrow. The arrow hits Sigmund.
Sigmund is heavily wounded.
Sigmund casts a spell at you. You resist with significant effort.
Sigmund casts a spell at you.
You are confused.
You bump into the rock wall.
You bump into the rock wall.
You feel less confused.
Sigmund points at you and mumbles some strange words.
You are confused.
You bump into the rock wall.
Sigmund points at you and mumbles some strange words.
The magic dart hits you.
* * * LOW HITPOINT WARNING * * *
Sigmund barely misses you.
You bump into the rock wall.
Sigmund casts a spell at you.
You are more confused.
Sigmund hits you with a +0 scythe!
Ouch! That really hurt!
You die...

#..# #..# ### .. #..# #^#
.. .# #..####.# ##.#.#
#.......# ##...#
##.####.# # #..# #.# #.#
# #..###### #@# #.#
####>.....######@####.###
.†......................#
##......########.####.###
.†.......# #.# #.#
##......## #.# #.#
######### #.# ### #######
#.# ......# #.# ####..#
#.#


You could see Sigmund.

Vanquished Creatures
  A dart slug (D:1)
  5 endoplasms
  2 goblins (D:1)
  4 hobgoblins (D:1)
  2 quokkas (D:1)
  3 bats (D:2)
  2 frilled lizards
  A rat (D:1)
20 creatures vanquished.

Notes
Turn   | Place    | Note
-------+----------+-------------------------------------------
     0 | D:1      | Descartes the Deep Elf Wanderer began the quest for the
                  | Orb.
     0 | D:1      | Descartes set off with the following items: a +0 shortbow,
                  | a +2 scale mail, 21 arrows, a scroll of teleportation
     0 | D:1      | Reached XP level 1. HP: 14/14 MP: 3/3
   169 | D:1      | Reached skill level 1 in Dodging
   171 | D:1      | Reached XP level 2. HP: 16/19 MP: 4/4
   231 | D:1      | Found a faded altar of an unknown god.
   673 | D:2      | Learned a level 1 spell: Sting
   895 | D:2      | Found a runed translucent door.
   896 | D:2      | Noticed Crazy Yiuf
   948 | D:2      | Noticed Sigmund
   999 | D:2      | Mangled by Sigmund

Illustrated notes

Levels and vault maps discovered:
D:1:      saegor_arrival_under_anarchy, layout_basic, basic_ecumenical_altar
D:2:      layout_basic, uniq_sigmund, uniq_jessica, uniq_crazy_yiuf_cottage

Skill      XL: |  1  2 |
---------------+-------+-----
Bows           | 3 |  3.0
Dodging        | 1 2 |  2.9
Fighting       | |  3.2
Throwing       | |  1.0
Armour         | |  1.0
Stealth        | |  1.2
Poison Magic   | |  0.3
Evocations     | |  1.1

Action                   || total
-------------------------++-------
 Fire: Shortbow          ||    55
 Cast: Sting             ||     1
Armor: Scale mail        ||    18
Dodge: Dodged            ||    16
